 Dungeon Crawl Stone Soup version 0.17.1-2-g5865329 (webtiles) character file.

1745 namelastname112 the Scholar of Death (level 8, 0/61 HPs)
             Began as a Grey Draconian Wizard on Jan 11, 2016.
             Was a Follower of Kikubaaqudgha.
             Slain by an unseen horror (13 damage)
             ... on level 6 of the Dungeon.
             The game lasted 00:14:40 (8050 turns).

namelastname112 the Scholar of Death (DrWz)         Turns: 8050, Time: 00:14:40

Health: 0/61       AC: 15    Str: 11      XL:     8   Next: 77%
Magic:  16/16      EV: 13    Int: 25      God:    Kikubaaqudgha [*.....]
Gold:   357        SH:  0    Dex:  8 (9)  Spells: 4 memorised, 11 levels left

rFire  . . .     SeeInvis .     j - +4 quarterstaff (chaos)
rCold  . . .     Clarity  .     (armour unavailable)
rNeg   . . .     SustAt   .     (shield currently unavailable)
rPois  .         Gourm    .     a - +1 hat
rElec  +         Spirit   .     r - +2 cloak "Meacut Haomm" {rElec Str+3 Stlth+}
rCorr  .         Warding  .     (no gloves)
rMut   .         Stasis   .     (no boots)
MR     .....                    (no amulet)
Stlth  ++........               (no ring)
                                i - +4 ring of intelligence

@: not resistant to hostile enchantments, unstealthy
A: walk through water, unfitting armour, deterioration 1, frail 1, weak 1,
unbreathing, cold-blooded, MP-powered wands, AC +11
a: Receive Corpses, Renounce Religion


You were on level 6 of the Dungeon.
You worshipped Kikubaaqudgha.
Kikubaaqudgha was aware of your devotion.
You were very hungry.

You visited 2 branches of the dungeon, and saw 7 of its levels.

You collected 357 gold pieces.

Inventory:

Hand Weapons
 d - a +1 short sword
 j - a +4 quarterstaff of chaos (weapon)
Armour
 a - a +1 hat (worn)
 r - the +2 cloak "Meacut Haomm" (worn) {rElec Str+3 Stlth+}
   (You found it on level 5 of the Dungeon)

   It affects your strength (+3).
   It insulates you from electricity.
   It makes you more stealthy.
Jewellery
 i - a +4 ring of intelligence (left hand)
Wands
 f - a wand of fireball (0)
 l - a wand of slowing (11)
 s - a wand of polymorph (13)
 y - a wand of fire (4)
Scrolls
 m - a scroll of recharging
 A - a scroll of enchant armour
 B - a scroll of blinking
 D - a scroll of enchant weapon
Potions
 h - a potion of brilliance
 q - a potion of ambrosia
 u - a potion of heal wounds {unknown}
 v - a potion of berserk rage
Books
 b - a book of Minor Magic

   Spells                             Type                      Level
   a - Magic Dart                     Conjuration                  1
   b - Blink                          Translocation                2
   c - Call Imp                       Summoning                    2
   d - Repel Missiles                 Charms/Air                   2
   e - Slow                           Hexes                        2
   f - Conjure Flame                  Conjuration/Fire             3
   g - Mephitic Cloud                 Conjuration/Poison/Air       3
 o - Kikubaaqudgha's Tome of Dark Secrets
   (Kikubaaqudgha gifted it to you on level 4 of the Dungeon)

   Spells                             Type                      Level
   a - Animate Skeleton               Necromancy                   1
   b - Corpse Rot                     Necromancy                   2
   c - Sublimation of Blood           Necromancy                   2
   d - Regeneration                   Charms/Necromancy            3
   e - Control Undead                 Necromancy                   4
Comestibles
 c - 4 bread rations
 x - 2 meat rations
 z - 4 fruits


   Skills:
 + Level 5.2 Fighting
 * Level 3.5 Staves
 + Level 4.8 Dodging
 - Level 1.7 Stealth
 + Level 5.6 Spellcasting
 - Level 1.0 Conjurations
   Level 1.0 Summonings
 * Level 5.7 Necromancy
   Level 1.0 Translocations


You had 11 spell levels left.
You knew the following spells:

 Your Spells              Type           Power        Failure   Level  Hunger
d - Regeneration          Chrm/Necr      ###.......   10%         3    #......
v - Sublimation of Blood  Necr           #####.....   1%          2    None
x - Animate Skeleton      Necr           N/A          1%          1    None
z - Magic Dart            Conj           ##..         8%          1    None


Dungeon Overview and Level Annotations

Branches:
Dungeon (6/15)             Temple (1/1) D:4

Altars:
Ashenzari
Dithmenos
Elyvilon
Fedhas
Gozag
Kikubaaqudgha
Nemelex Xobeh
Okawaru
Qazlal
Ru
Sif Muna
Trog
Vehumet
Xom
The Shining One

Shops:
D:6 (


Innate Abilities, Weirdness & Mutations

You can walk through water.
Your dull iron-grey scales are very hard (AC +11).
Your body does not fit into most forms of armour.
You can survive without breathing.
You are cold-blooded and may be slowed by cold attacks.
Your body sometimes deteriorates upon taking damage.
You are frail (-10% HP).
You are weak. (Str -2)
You expend magic power (3 MP) to strengthen your wands.


Message History

You hit something. You tail-slap something. Something hits you!
Your body deteriorates!
You feel clumsy. The giant frog hits you!
You closely miss the giant frog.
The giant frog is lightly wounded.
The giant frog hits you but does no damage.
You thump the giant frog!
There is a sudden explosion of sparks!
The giant frog is almost dead.
The giant frog barely misses you. x2
You sock the giant frog!
You kill the giant frog!
Kikubaaqudgha accepts your kill. Something barely misses you.
Something hits you but does no damage. Something hits you.
You barely miss something. Something hits you but does no damage.
Something hits you!
* * * LOW HITPOINT WARNING * * *
Something hits you!
You die...
Kikubaaqudgha rasps: "You have failed me!
Welcome... death!"

.#.#.# ..##...#.### .....# ### ..
#......#.. ##.###
##.###'#########..# #.#
#........##...##### #.#
#.......#.....#### #.#
#....8.)'.....#... #.#
#)......#.....#### #.#
#.{.....##...## #.#
#@###'########## ##.##
##.##.e.##......##
#...###########..#.Z...#.......##
.................#.....#.......'.
#...#########....#.....#.......##
##.## #.##.##$(%##......## #.#
#.##.#######.....## #.# #.####
##...## #.# #.# ##'##


There were no monsters in sight!

Vanquished Creatures
  A deep elf mage (D:6)
  A water moccasin (D:6)
  2 ogres
  A sky beast (D:6)
  An ice beast (D:6)
  A centaur (shapeshifter) (D:4)
  A giant frog (D:6)
  7 scorpions
  A centaur skeleton (D:6)
  Crazy Yiuf (D:4)
  A giant frog skeleton (D:4)
  A hound (D:4)
  A jelly (D:4)
  An orc priest (D:6)
  An iguana (D:6)
  Jessica (D:3)
  4 worker ants
  Terence (D:3)
  An orc wizard (D:6)
  2 hound zombies
  15 adders
  A gnoll (D:2)
  A shadow imp (D:5)
  2 worms
  An adder skeleton (D:5)
  8 giant geckos
  6 orcs
  11 bats
  3 giant cockroaches
  8 hobgoblins
  6 jackals
  8 kobolds
  2 quokkas
  2 ball pythons (D:4)
  A ball python skeleton (D:5)
  A giant gecko skeleton (D:4)
  6 giant newts
  6 goblins
  2 quokka skeletons (D:4)
  A quokka zombie (D:5)
  4 rats
  A fungus (D:4)
127 creatures vanquished.

Vanquished Creatures (others)
  A hobgoblin (D:3)
  5 fungi (D:4)
  A plant (D:4)
7 creatures vanquished.

Grand Total: 134 creatures vanquished

Notes
Turn   | Place    | Note
--------------------------------------------------------------
     0 | D:1      | namelastname112 the Draconian Wizard began the quest for the Orb.
     0 | D:1      | Reached XP level 1. HP: 14/14 MP: 4/4
   194 | D:1      | Reached skill level 1 in Fighting
   277 | D:1      | Reached XP level 2. HP: 21/23 MP: 6/6
   950 | D:2      | Reached XP level 3. HP: 19/28 MP: 0/7
  1301 | D:3      | Noticed Terence
  1322 | D:3      | Killed Terence
  1322 | D:3      | Reached XP level 4. HP: 2/36 MP: 2/9
  1616 | D:3      | Noticed Jessica
  1620 | D:3      | Killed Jessica
  2333 | D:3      | Found a radiant altar of Vehumet.
  2484 | D:2      | Found a shattered altar of Ashenzari.
  2845 | D:2      | Reached skill level 4 in Spellcasting
  2852 | D:2      | Reached XP level 5. HP: 42/42 MP: 6/11
  3586 | D:4      | Found a sparkling altar of Nemelex Xobeh.
  4063 | D:4      | Noticed an ogre
  4345 | D:4      | Found a staircase to the Ecumenical Temple.
  4351 | Temple   | Entered the Ecumenical Temple
  4386 | Temple   | Became a worshipper of Kikubaaqudgha
  4666 | D:4      | Reached XP level 6. HP: 36/51 MP: 1/12
  4929 | D:4      | Killed an ogre
  4929 | D:4      | Reached skill level 1 in Necromancy
  5117 | D:4      | Your scales start taking on a dull iron-grey colour.
  5117 | D:4      | Gained mutation: You can survive without breathing. [Grey Draconian growth]
  5117 | D:4      | Reached XP level 7. HP: 27/58 MP: 0/14
  5351 | D:4      | Noticed Crazy Yiuf
  5355 | D:4      | Killed Crazy Yiuf
  5355 | D:4      | Reached skill level 5 in Spellcasting
  5846 | D:4      | Reached * piety under Kikubaaqudgha
  5846 | D:4      | Received a gift from Kikubaaqudgha
  5849 | D:4      | Identified Kikubaaqudgha's Tome of Dark Secrets (Kikubaaqudgha gifted it to you on level 4 of the Dungeon)
  5853 | D:4      | Learned a level 1 spell: Animate Skeleton
  5856 | D:4      | Learned a level 2 spell: Sublimation of Blood
  5860 | D:4      | Learned a level 3 spell: Regeneration
  6288 | D:5      | Entered Level 5 of the Dungeon
  6310 | D:5      | Reached skill level 1 in Staves
  6334 | D:5      | Got an ancient cloak
  6345 | D:5      | Identified the +2 cloak "Meacut Haomm" {rElec Str+3 Stlth+} (You found it on level 5 of the Dungeon)
  6408 | D:5      | Found a bloodstained altar of Trog.
  6883 | D:6      | Reached XP level 8. HP: 40/67 MP: 15/15
  7359 | D:6      | Found Efamea's Antique Weapon Shop.
  7402 | D:6      | Reached skill level 5 in Necromancy
  7411 | D:6      | Gained mutation: You are weak. (Str -2) [mutagenic meat]
  7412 | D:6      | Gained mutation: Your body sometimes deteriorates upon taking damage. [mutagenic meat]
  7413 | D:6      | Gained mutation: You expend magic power (3 MP) to strengthen your wands. [mutagenic meat]
  7414 | D:6      | Gained mutation: You are frail (-10% HP). [mutagenic meat]
  7514 | D:6      | Reached skill level 5 in Fighting
  7636 | D:6      | Noticed a deep elf mage
  8040 | D:6      | Killed a deep elf mage
  8050 | D:6      | Slain by an unseen horror

Action                   |  1- 3 |  4- 6 |  7- 9 || total
-------------------------+-------+-------+-------++-------
Melee: Short sword       |    63 |   146 |     3 ||   212
       Unarmed           |     1 |       |       ||     1
       Quarterstaff      |       |       |   204 ||   204
 Cast: Magic Dart        |    45 |   153 |     3 ||   201
       Animate Skeleton  |       |       |     4 ||     4
       Regeneration      |       |       |     1 ||     1
Evoke: Wand              |       |     3 |     2 ||     5
  Use: Potion            |     1 |       |     4 ||     5
       Scroll            |       |    11 |     6 ||    17
 Stab: Sleeping          |     2 |     1 |     6 ||     9
  Eat: Chunk             |     1 |     6 |    11 ||    18
       Beef jerky        |       |     1 |       ||     1
       Pizza             |       |     1 |       ||     1
       Meat ration       |       |     1 |       ||     1
       Fruit             |       |       |     1 ||     1
